 Dungeon Crawl Stone Soup version 0.23.2-33-g5129a83 (webtiles) character file.

Game seed: 16273082575245989799

605 EyeSore the Slinger (level 7, -7/46 HPs)
             Began as a Halfling Hunter on July 23, 2019.
             Mangled by Duvessa
             ... wielding a +0 rapier
              (11 damage)
             ... on level 4 of the Dungeon.
             The game lasted 00:12:41 (4084 turns).

EyeSore the Slinger (Halfling Hunter)               Turns: 4084, Time: 00:12:42

Health: -7/46      AC:  4    Str: 15    XL:     7   Next: 70%
Magic:  7/7        EV: 15    Int:  9    God:
Gold:   193        SH:  0    Dex: 15    Spells: 6/6 levels left

rFire    . . .     SeeInvis .   a - +1 hunting sling
rCold    . . .     Gourm    .   (shield restricted)
rNeg     . . .     Faith    .   c - +0 leather armour
rPois    .         Spirit   .   q - +0 helmet (curse)
rElec    .         Reflect  .   r - scarf {cloud immunity}
rCorr    .         Harm     .   (no gloves)
MR       .....     Clarity  +   (no boots)
Stlth    ++........             (no amulet)
HPRegen  0.15/turn              (no ring)
MPRegen  0.10/turn              (no ring)

@: no status effects
A: small, clarity, mutation resistance 1
a: no special abilities


You were on level 4 of the Dungeon.
You were hungry.

You visited 1 branch of the dungeon, and saw 4 of its levels.

You collected 193 gold pieces.

Inventory:

Hand Weapons
 a - a +1 hunting sling (weapon)
 b - a +0 short sword
Missiles
 g - 111 stones (quivered)
Armour
 c - a +0 leather armour (worn)
 q - a cursed +0 helmet (worn)
 r - a scarf of cloud immunity (worn)
Scrolls
 i - 3 scrolls of identify {unknown}
 k - 3 scrolls of teleportation {unknown}
 n - 3 scrolls of remove curse {unknown}
 p - a scroll of immolation {unknown}
Potions
 e - 4 potions of mutation
 h - a potion of agility
 j - 3 potions of curing {unknown}
 l - a potion of ambrosia {unknown}
 m - 2 potions of might {unknown}
Comestibles
 f - 6 rations


   Skills:
 + Level 3.2 Fighting
 + Level 10.8 Slings
 + Level 2.2 Armour
 + Level 2.5 Dodging
 + Level 1.4 Stealth


You had 6 spell levels left.
You didn't know any spells.
Your spell library was empty.

Dungeon Overview and Level Annotations

Branches:
Dungeon (4/15)
 Temple: D:4-7

Altars:
Kikubaaqudgha
Xom
Yredelemnul

Annotations:
D:4 Duvessa, Pikel, Sigmund


Innate Abilities, Weirdness & Mutations

You are small and have problems with some larger weapons.
You are somewhat resistant to further mutation.
You possess an exceptional clarity of mind.


Message History

Firing (i - inventory)
g - 114 stones (quivered)
Press: ? - help, Shift-Dir - straight line, f/p - Duvessa
Aim: Duvessa, wielding a +0 rapier and wearing a +0 leather armour (moderately wounded, berserk, fast, unusually strong)
You shoot a stone. The stone closely misses Duvessa.
Duvessa closely misses you.
Firing (i - inventory)
g - 113 stones (quivered)
Press: ? - help, Shift-Dir - straight line, f/p - Duvessa
Aim: Duvessa, wielding a +0 rapier and wearing a +0 leather armour (moderately wounded, berserk, fast, unusually strong)
You shoot a stone.
The stone hits Duvessa but does no damage.
Duvessa is moderately wounded.
Duvessa barely misses you.
Firing (i - inventory)
g - 112 stones (quivered)
Press: ? - help, Shift-Dir - straight line, f/p - Duvessa
Aim: Duvessa, wielding a +0 rapier and wearing a +0 leather armour (moderately wounded, berserk, fast, unusually strong)
You shoot a stone.
The stone hits Duvessa but does no damage.
Duvessa is moderately wounded.
Duvessa hits you with a +0 rapier!
You die...

###############
#.............#
#.............#
#....<........#
#.............#
#.............#
#.......@.....#
#########.......e.....#
#.......####..##(##.^##
#.#.#.#.#####'##'#####
.................(#
......#...........#
..>.....†.........#
......#..###+###(####
.........###..##.#..#


You could see Duvessa (berserk).

Vanquished Creatures
  Menkaure (D:4)
  An ogre (D:4)
  A scorpion (D:4)
  Dowan (D:4)
  An orc wizard (D:3)
  An iguana (D:4)
  Terence (D:3)
  A worker ant (D:4)
  Robin (D:3)
  7 adders
  A gnoll (D:1)
  An ooze (D:2)
  A dart slug (D:2)
  5 leopard geckos
  9 orcs (D:3)
  10 bats
  6 giant cockroaches
  7 hobgoblins
  11 jackals
  7 kobolds
  4 frilled lizards
  A giant cockroach zombie (D:4)
  17 goblins
  A leopard gecko skeleton (D:4)
  2 quokka skeletons (D:4)
  9 rats
108 creatures vanquished.

Notes
Turn   | Place    | Note
-------+----------+-------------------------------------------
     0 | D:1      | EyeSore the Halfling Hunter began the quest for the Orb.
     0 | D:1      | Reached XP level 1. HP: 14/14 MP: 1/1
    29 | D:1      | Reached skill level 6 in Slings
    57 | D:1      | Reached XP level 2. HP: 19/19 MP: 2/2
   270 | D:1      | Reached XP level 3. HP: 24/24 MP: 3/3
   303 | D:1      | Reached skill level 7 in Slings
   819 | D:2      | Reached XP level 4. HP: 29/29 MP: 4/4
   993 | D:2      | Reached skill level 8 in Slings
  1165 | D:2      | Reached XP level 5. HP: 34/34 MP: 5/5
  1837 | D:3      | Reached skill level 9 in Slings
  1952 | D:3      | Found a basalt altar of Yredelemnul.
  2130 | D:3      | Found an ancient bone altar of Kikubaaqudgha.
  2161 | D:3      | Noticed Robin
  2174 | D:3      | Noticed Terence
  2181 | D:3      | Killed Robin
  2181 | D:3      | Reached XP level 6. HP: 35/39 MP: 6/6
  2217 | D:3      | Killed Terence
  2217 | D:3      | Reached skill level 1 in Armour
  2475 | D:3      | Found a white marble altar of Elyvilon.
  2480 | D:3      | Found a stormy altar of Qazlal.
  2480 | D:3      | Found a shimmering altar of Xom.
  2489 | D:3      | Found a hazy altar of Hepliaklqana.
  2489 | D:3      | Found a white marble altar of Elyvilon.
  2489 | D:3      | Found a glowing silver altar of Zin.
  2851 | D:4      | Noticed Menkaure
  2859 | D:4      | Killed Menkaure
  2859 | D:4      | Reached skill level 10 in Slings
  2859 | D:4      | Reached XP level 7. HP: 25/45 MP: 7/7
  2868 | D:4      | Noticed Duvessa
  2875 | D:4      | Noticed Dowan
  3114 | D:4      | Noticed Sigmund
  3141 | D:4      | Gained mutation: You are clumsy. (Dex -2) [potion of
                  | mutation]
  3142 | D:4      | Lost mutation: You are clumsy. (Dex -2) [potion of
                  | mutation]
  3142 | D:4      | Gained mutation: You possess an exceptional clarity of
                  | mind. [potion of mutation]
  3564 | D:4      | Killed Dowan
  3855 | D:4      | Noticed Pikel
  4084 | D:4      | Mangled by Duvessa

Skill      XL: |  1  2  3  4  5  6  7 |
---------------+----------------------+-----
Slings         | 6 7 8 9 10 | 10.8
Fighting       | 2 3 |  3.2
Armour         | 2 |  2.2
Dodging        | |  2.5
Stealth        | |  1.4

Action                   |  1- 3 |  4- 6 |  7- 9 || total
-------------------------+-------+-------+-------++-------
Melee: Hunting sling     |       |       |     3 ||     3
 Fire: Hunting sling     |    58 |   233 |   102 ||   393
  Use: Potion            |       |       |     2 ||     2
  Eat: Chunk             |       |     5 |       ||     5
       Ration            |       |       |     1 ||     1
Armor: Leather armour    |     1 |     8 |     2 ||    11
Dodge: Dodged            |       |    32 |    35 ||    67
